Map: 울레나

Players

Solar - Winner!

  • Race: Zerg Zerg
  • League: Platinum

PartinG

  • Race: Protoss Protoss
  • League: Platinum

Event: DreamHack ROCCAT LotV Championship

VOD

Have the link to the VOD?

Description

Time

  • Played on: Nov. 27, 2015, 11:50 a.m.
  • Length: 3:44

All games in this series

Show
View Real Time Build Order
Export as new Build Order

Solar Zerg - Winner!

Build Orders: Pool First 

Get SALT Encoding   

  12  0:17  Spawning Pool  
  11  0:22  Drone  
  11  0:27  Drone  
  13  0:31  Drone  
  14  0:40  Overlord  
  14  1:04  Zergling x4  
  14  1:06  Zergling x2  
  17  1:17  Zergling x2  
  18  1:23  Hatchery  
  17  1:28  Zergling x2  
  18  1:38  Zergling x2  
  19  1:42  Queen  
  21  1:49  Zergling x2  
  22  2:09  Overlord  
  22  2:28  Zergling x4  
  24  2:31  Queen  
  24  2:33  Overlord  
  24  2:35  Zergling x2  
  27  2:44  Zergling x2  
  28  2:47  Zergling x2  
  28  2:50  Zergling x6  
  31  2:59  Zergling x4  
  33  3:07  Zergling x4  
  35  3:17  Zergling x2  
  36  3:20  Zergling x2  
  33  3:27  Zergling x2  
Show
View Real Time Build Order
Export as new Build Order

PartinG Protoss 

Build Orders: Nexus First 

Get SALT Encoding   

  12  0:00  Probe (Chrono Boost)  
  13  0:11  Probe (Chrono Boost)  
  14  0:18  Pylon  
  14  0:22  Probe (Chrono Boost)  
  15  0:36  Probe (Chrono Boost)  
  16  0:46  Probe (Chrono Boost)  
  17  1:02  Nexus  
  17  1:11  Gateway  
  17  1:14  Probe (Chrono Boost)  
  17  1:20  Assimilator  
  17  1:25  Probe (Chrono Boost)  
  18  1:28  Assimilator  
  18  1:35  Probe (Chrono Boost)  
  19  1:42  Gateway  
  20  1:56  Pylon  
  20  1:58  Zealot (Chrono Boost)  
  20  2:06  Probe  
  19  2:22  Zealot (Chrono Boost)  
  21  2:42  Zealot  
  20  3:00  Probe (Chrono Boost)  
  20  3:02  Probe (Chrono Boost)  
  22  3:09  Zealot  
  23  3:33  Cybernetics Core  

Tags
 
Add a new tag
Caveats
  • Supply blocks, unpowered buildings, or Contaminate may cause inaccurate times.
  • Supply counts are checked every 10 seconds.